 Dungeon Crawl Stone Soup version 0.27-a0-789-g6bb3289e1e (webtiles) character file.

Game seed: 3638833533533346646

1 polve the Skirmisher (level 1, -1/18 HPs)
             Began as a Demonspawn Abyssal Knight on Mar 26, 2021.
             Was an Initiate of Lugonu.
             Slain by a kobold
             ... wielding a +0 short sword
              (6 damage)
             ... on level 1 of the Dungeon.
             The game lasted 00:00:26 (263 turns).

polve the Skirmisher (Demonspawn Abyssal Knight)     Turns: 263, Time: 00:00:26

Health: -1/18      AC:  3    Str: 12    XL:     1   Next: 16%
Magic:  2/2        EV: 11    Int: 13    God:    Lugonu [......]
Gold:   0          SH:  0    Dex: 12    Spells: 0/0 levels left

rFire    . . .     SeeInvis .   a - +1 falchion
rCold    . . .     Faith    .   (no shield)
rNeg     . . .     Spirit   .   b - +0 leather armour
rPois    .         Reflect  .   (no helmet)
rElec    .         Harm     .   (no cloak)
rCorr    .         Rampage  .   (no gloves)
Will     .....                  (no boots)
Stlth    +.........             (no amulet)
HPRegen  0.06/turn              (no ring)
MPRegen  0.08/turn              (no ring)

@: no status effects
A: no striking features
a: Renounce Religion


You were on level 1 of the Dungeon.
You worshipped Lugonu.
Lugonu was noncommittal.
You visited 1 branch of the dungeon, and saw 1 of its levels.
You visited the Abyss 1 time.

Inventory:

Hand Weapons
 a - a +1 falchion (weapon)
Armour
 b - a +0 leather armour (worn)
 c - a +0 pair of gloves
Scrolls
 d - a scroll of noise {unknown}


   Skills:
 - Level 3.0 Fighting
 + Level 1.9 Long Blades
 - Level 1.7 Armour
 - Level 0.8 Dodging
 - Level 2.4 Invocations


You couldn't memorise any spells.
You didn't know any spells.
Your spell library contained the following spells:

 Spells                   Type           Power      Damage    Failure   Level
 Animate Skeleton         Necr           0%         N/A       36%         1
 Apportation              Tloc           0%         N/A       36%         1
 Corona                   Hex            0%         N/A       36%         1
 Summon Small Mammal      Summ           0%         N/A       36%         1


Dungeon Overview and Level Annotations

Branches:
Dungeon (1/15)

Altars:


Message History

HP restored.
c - a +0 pair of gloves A bat comes into view.
The bat barely misses you.
You riposte.
You barely miss the bat. The bat barely misses you.
You riposte.
You hit the bat.
The bat is moderately wounded.
You closely miss the bat.
The bat is moderately wounded.
The bat misses you.
You riposte.
You slash the bat!
You kill the bat!
Lugonu accepts your kill.
No target in view!
No target in view!
No target in view!
No target in view!
No target in view!
No target in view!
Found a robe.
d - a scroll labelled TIRAL FOKKUENURA A kobold comes into view.
It is wielding a +0 short sword.
The kobold shouts!
A dart slug comes into view.
The kobold hits you with a +0 short sword.
Found 17 stones.
You closely miss the kobold.
The kobold hits you with a +0 short sword.
You miss the kobold.
The kobold hits you with a +0 short sword.
You are too injured to fight recklessly!
You are too injured to fight recklessly!
You are too injured to fight recklessly!
You are too injured to fight recklessly!
You are too injured to fight recklessly!
You are too injured to fight recklessly!
You are too injured to fight recklessly!
You hit the kobold but do no damage.
The kobold hits you with a +0 short sword.
* * * LOW HITPOINT WARNING * * *
The kobold hits you with a +0 short sword.
You die...

(..#
..# ...
... #w#
#.# #K#
#@#
####.##
#.....#
#.....#
#.....#
#.....#
#.....#
#.....#
####.##


You could see a dart slug and a kobold.

Vanquished Creatures
  A ball python (D:1)
  A bat (D:1)
2 creatures vanquished.

Notes
Turn   | Place    | Note
-------+----------+-------------------------------------------
     0 | Abyss:1  | polve the Demonspawn Abyssal Knight began the quest for the
                  | Orb.
     0 | Abyss:1  | Reached XP level 1. HP: 18/18 MP: 2/2
    45 | Abyss:1  | Found a corrupted altar of Lugonu.
    62 | Abyss:1  | Found a corrupted altar of Lugonu.
   115 | Abyss:1  | Noticed a hell hound
   115 | Abyss:1  | Noticed a hell hound
   115 | Abyss:1  | Noticed a hell hound
   115 | Abyss:1  | Noticed a hell hound
   115 | D:1      | Escaped the Abyss
   263 | D:1      | Slain by a kobold

Illustrated notes

Levels and vault maps discovered:
D:1:      kennysheep_arrival_forest, layout_basic, minmay_distorted

Action                   || total
-------------------------++-------
Melee: Falchion          ||     5
Invok: Depart the Abyss  ||     1
Dodge: Dodged            ||     3
       Rpst.: Falchion   ||     3

Table legend: (Time is in decaauts)
 A = Elapsed time spent in this place.
 B = Non-inter-level travel time spent in this place.
 C = Inter-level travel time spent in this place.
 D = Time resting spent in this place.
 E = Time spent auto-exploring this place.
 F = Levels seen in this place.
 G = Mean time per level.
                   A        B        C        D        E       F      G
               +--------+--------+--------+--------+--------+-----+--------+
         Total |    263 |    263 |      0 |      0 |    238 |   2 |  131.5 |
       Dungeon |    148 |    148 |      0 |      0 |    131 |   1 |  148.0 |
         Abyss |    115 |    115 |      0 |      0 |    107 |   1 |  115.0 |
               +--------+--------+--------+--------+--------+-----+--------+

Top non-repeatable levels by time:
     D:1: 148 daAuts
 Abyss:1: 115 daAuts
